Map: Submarine LE

Players

Zilch - Winner!

  • Race: Zerg Zerg
  • League: Platinum
  • Spawn Location: 5:00

Bob

  • Race: Protoss Protoss
  • League: Diamond
  • Spawn Location: 11:00

VOD

Have the link to the VOD?

Description

Time

  • Played on: Feb. 16, 2021, 2:37 p.m.
  • Length: 8:52
Show
View Real Time Build Order
Export as new Build Order

Zilch Zerg - Winner!

Build Orders: Pool First 

Get SALT Encoding   

  12  0:18  Spawning Pool  
  11  0:21  Drone  
  11  0:26  Drone  
  13  0:30  Drone  
  14  0:39  Overlord  
  14  1:05  Queen, Zergling x6  
  19  1:16  Zergling x2  
  20  1:29  Zergling x2  
  21  2:03  Hatchery  
  20  2:19  Zergling x4  
  21  2:37  Zergling x2  
  21  2:54  Overlord x2  
  21  3:06  Drone  
  21  3:12  Queen  
  24  3:13  Drone x3  
  24  3:16  Extractor  
  26  3:43  Drone  
  26  3:44  Drone x7  
  26  3:46  Queen  
  26  3:47  Queen  
  38  3:57  Drone x2  
  38  3:59  Spore Crawler  
  38  4:00  Spore Crawler  
  38  4:08  Drone  
  38  4:09  Drone  
  40  4:10  Extractor  
  40  4:11  Overlord  
  39  4:21  Drone  
  39  4:23  Drone  
  41  4:30  Drone  
  42  4:38  Metabolic Boost  
  42  4:45  Queen x2  
  44  4:46  Drone x3  
  49  4:59  Spore Crawler  
  48  5:00  Hatchery  
  47  5:09  Spore Crawler  
  47  5:10  Drone  
  47  5:11  Drone x5  
  47  5:13  Extractor  
  51  5:15  Extractor  
  51  5:17  Drone x2  
  52  5:34  Roach Warren  
  51  5:47  Drone  
  51  5:48  Overlord  
  51  5:49  Overlord x4  
  52  6:06  Queen x2  
  56  6:14  Queen  
  55  6:36  Roach x11  
  77  6:43  Lair  
  77  6:56  Zergling x2  
  77  6:57  Zergling x12  
  84  7:06  Drone x2  
  86  7:22  Spore Crawler x2  
  82  7:58  Drone x15  
  97  8:05  Overlord x2  
  97  8:16  Spore Crawler  
  97  8:18  Spore Crawler  
  101  8:29  Roach x6  
  113  8:37  Spore Crawler  
  110  8:41  Hydralisk Den  
  110  8:47  Evolution Chamber x2  
Show
View Real Time Build Order
Export as new Build Order

Bob Protoss 

Build Orders:  

Get SALT Encoding   

  12  0:08  Probe (Chrono Boost)  
  13  0:18  Probe (Chrono Boost)  
  14  0:22  Pylon  
  14  0:23  Probe (Chrono Boost)  
  15  0:47  Probe  
  15  0:49  Forge  
  16  1:13  Probe (Chrono Boost)  
  17  1:22  Probe (Chrono Boost)  
  18  1:29  Pylon  
  18  1:33  Pylon  
  18  1:35  Pylon  
  18  1:40  Pylon  
  18  1:42  Photon Cannon  
  18  1:46  Pylon, Probe  
  19  1:56  Photon Cannon  
  19  1:58  Pylon, Probe  
  20  2:06  Pylon  
  20  2:12  Photon Cannon  
  20  2:19  Gateway  
  20  2:23  Pylon  
  20  2:33  Photon Cannon  
  20  2:40  Pylon  
  19  2:48  Probe (Chrono Boost)  
  19  2:49  Gateway  
  20  2:51  Assimilator  
  20  2:52  Assimilator  
  20  3:02  Pylon  
  20  3:08  Probe  
  21  3:14  Photon Cannon  
  21  3:21  Photon Cannon  
  20  3:31  Probe  
  21  3:38  Cybernetics Core  
  21  3:40  Zealot  
  23  3:55  Probe  
  23  4:02  Pylon  
  24  4:07  Zealot  
  26  4:23  Stargate  
  26  4:29  Stargate  
  26  4:44  Pylon  
  26  5:14  Oracle x2 (Chrono Boost)  
  32  5:22  Zealot  
  34  5:44  Oracle  
  37  5:52  Zealot  
  39  6:07  Oracle (Chrono Boost)  
  42  6:31  Oracle (Chrono Boost)  
  43  6:48  Zealot  
  45  7:16  Zealot  
  47  7:25  Pylon, Photon Cannon  
  47  7:38  Void Ray (Chrono Boost)  
  51  7:53  Void Ray (Chrono Boost)  
  55  8:48  Nexus  
Tags
 
Add a new tag
Caveats
  • Supply blocks, unpowered buildings, or Contaminate may cause inaccurate times.
  • Supply counts are checked every 10 seconds.